 Dungeon Crawl Stone Soup version 0.31-a0-325-g067879e3d3 (webtiles) character file.

Game seed: 12552516150038233041

516 Dittersdorf the Shield-Bearer (level 7, 0/44 HPs)
             Began as a Gargoyle Fighter on July 18, 2023.
             Killed from afar by Blork the orc (10 damage)
             ... with a puff of frost
             ... on level 5 of the Dungeon.
             The game lasted 00:04:52 (3673 turns).

Dittersdorf the Shield-Bearer (Gargoyle Fighter)    Turns: 3673, Time: 00:04:53

Health: 0/44       AC: 17    Str: 22    XL:     7   Next: 20%
Magic:  0/7        EV:  8    Int:  8    God:
Gold:   219        SH:  4    Dex:  9    Spells: 6/6 levels left

rFire   . . .        a - +0 flail
rCold   . . .        c - +0 buckler
rNeg    + + .        w - +0 chain mail
rPois   ∞            (no helmet)
rElec   +            (no cloak)
rCorr   .            (no gloves)
SInv    .            i - +2 pair of boots {Fly}
Will    .....        x - amulet of guardian spirit Stlth
                     j - ring of positive energy
HPRegen 0.27/turn    u - +4 ring of slaying
MPRegen 0.10/turn

%: guardian spirit
@: flying
A: sickness immunity, AC +4, negative energy resistance 1, electricity
resistance, torment resistance 1, petrification resistance
a: no special abilities


You were on level 5 of the Dungeon.
You visited 1 branch of the dungeon, and saw 5 of its levels.

You collected 219 gold pieces.

Inventory:

Hand Weapons
 a - a +0 flail (weapon)
Missiles
 s - 10 poisoned darts
 v - a throwing net
Armour
 c - a +0 buckler (worn)
 i - a +2 pair of boots of flying (worn)
 w - a +0 chain mail (worn)
Jewellery
 j - a ring of positive energy (left hand)
 u - a +4 ring of slaying (right hand)
 x - an amulet of guardian spirit (around neck)
Scrolls
 b - a scroll of fear {unknown}
 e - a scroll of revelation {unknown}
 g - 2 scrolls of enchant weapon {unknown}
 h - 2 scrolls of fog
 k - a scroll of amnesia {unknown}
 m - a scroll of poison {unknown}
Potions
 d - 2 potions of might
 f - 2 potions of enlightenment {unknown}
 l - 2 potions of berserk rage {unknown}
 n - a potion of curing
 p - 3 potions of haste {unknown}
 r - a potion of heal wounds


   Skills:
 + Level 5.2 Fighting
 + Level 4.1 Maces & Flails
 + Level 5.1 Armour
 + Level 5.2 Shields


You had 6 spell levels left.
You didn't know any spells.
Your spell library contained the following spells:

 Spells                   Type           Power      Damage    Failure   Level
 Foxfire                  Conj/Fire      0%         2x1d4     97%         1
 Animate Armour           Summ/Erth      0%         N/A       100%        4
 Summon Lightning Spire   Summ/Air       0%         N/A       100%        4
 Lee's Rapid Deconstruct  Erth           0%         3d4*      100%        5
 Plasma Beam              Fire/Air       0%         2x1d10    100%        6
 Simulacrum               Ice/Necr       0%         N/A       100%        6
 Starburst                Conj/Fire      0%         6d3       100%        6
 Ozocubu's Refrigeration  Ice            0%         4d7       100%        7
 Polar Vortex             Ice            0%         N/A       100%        9


Dungeon Overview and Level Annotations

Branches:
Dungeon (5/15)
 Temple: D:4-7

Altars:
Dithmenos
Kikubaaqudgha
The Shining One

Annotations:
D:5 Blork the orc


Innate Abilities, Weirdness & Mutations

You are immune to sickness and miasma.
Your stone body is resilient. (AC +4)
You are immune to poison.
You resist negative energy. (rN+)
You are resistant to electric shocks. (rElec)
You are resistant to unholy torment.
You are immune to petrification.


Message History

You are too injured to fight recklessly!
You are too injured to fight recklessly!
You are too injured to fight recklessly!
You are too injured to fight recklessly!
You are too injured to fight recklessly!
You are too injured to fight recklessly!
You are too injured to fight recklessly!
You are too injured to fight recklessly!
You are too injured to fight recklessly!
You are too injured to fight recklessly!
You are too injured to fight recklessly!
You are too injured to fight recklessly!
You are too injured to fight recklessly!
You are too injured to fight recklessly!
You are too injured to fight recklessly!
You are too injured to fight recklessly!
You are too injured to fight recklessly!
You are too injured to fight recklessly!
You are too injured to fight recklessly!
You are too injured to fight recklessly!
You are too injured to fight recklessly!
You barely miss Blork the orc.
Blork the orc is heavily wounded.
Blork the orc barely misses you.
Blork the orc hits you with a +5 hand axe of electrocution.
You hit Blork the orc.
Blork the orc is severely wounded.
Blork the orc closely misses you.
You barely miss Blork the orc.
Blork the orc is severely wounded.
You block Blork the orc's attack.
Blork the orc gestures at you while chanting.
The puff of flame hits you.
You hit Blork the orc.
Blork the orc is almost dead.
Blork the orc hits you with a +5 hand axe of electrocution!
* * * LOW HITPOINT WARNING * * *
Blork the orc points at you and mumbles some strange words.
The puff of frost hits you!
You die...

........... ##
.........# ..##.##.#..
........#
##.............
........#
#..............
.......####.............
............# #........
#..####.##<.####........
#..## #####...?.o......#
....## #.....@...#
.....# #.........#
.#..###
##...#..>.........
.##...#
#....##.##.####...
.###..####....#####...
###....[=......# ##..#
##......#......# ....
#.).....#.....### .##.
.......##.......# ##


You could see Blork the orc (fast).

Vanquished Creatures
  A water moccasin (D:3)
  A centaur (D:5)
  A phantom (D:5)
  A jelly (D:4)
  An iguana (D:5)
  A sleepcap (D:5)
  3 gnolls (D:4)
  6 adders
  A shadow imp (D:5)
  A worm (D:3)
  3 dart slugs
  4 orcs
  7 ball pythons
  12 endoplasms
  A giant cockroach (D:1)
  5 hobgoblins
  5 quokkas
  10 bats
  2 frilled lizards (D:1)
  10 goblins
  6 kobolds
  6 rats
88 creatures vanquished.

Notes
Turn   | Place    | Note
-------+----------+-------------------------------------------
     0 | D:1      | Dittersdorf the Gargoyle Fighter began the quest for the
                  | Orb.
     0 | D:1      | Reached XP level 1. HP: 14/14 MP: 1/1
   156 | D:1      | Reached XP level 2. HP: 19/19 MP: 2/2
   376 | D:1      | Reached XP level 3. HP: 23/23 MP: 3/3
  1081 | D:2      | Reached XP level 4. HP: 29/29 MP: 4/4
  1346 | D:2      | Found an ancient bone altar of Kikubaaqudgha.
  2109 | D:3      | Found a shadowy altar of Dithmenos.
  2223 | D:3      | Noticed a water moccasin
  2238 | D:3      | Killed a water moccasin
  2239 | D:3      | Reached XP level 5. HP: 18/34 MP: 5/5
  2509 | D:3      | Found a faded altar of an unknown god.
  2542 | D:3      | Found an ancient bone altar of Kikubaaqudgha.
  2795 | D:4      | Reached XP level 6. HP: 35/39 MP: 4/6
  3452 | D:5      | Entered Level 5 of the Dungeon
  3520 | D:5      | Found a glowing golden altar of the Shining One.
  3615 | D:5      | Reached skill level 5 in Fighting
  3615 | D:5      | Reached skill level 5 in Armour
  3615 | D:5      | Reached skill level 5 in Shields
  3615 | D:5      | Reached XP level 7. HP: 43/44 MP: 4/7
  3655 | D:5      | Noticed Blork the orc
  3673 | D:5      | Killed from afar by Blork the orc

Illustrated notes

Levels and vault maps discovered:
D:1:      psy_arrival_fountain, layout_loops_cross,
          hangedman_abyss_or_decor_lesser_grid
D:2:      layout_basic, basic_altar
D:3:      layout_loops_corners, general_overflow_altar, marbit_many_paths,
          hellmonk_ecumenical_altar_inner_sanctum
D:4:      layout_basic, guppyfry_early_lair_pool
D:5:      layout_cave_pools, mainiacjoe_overflow_catwalk_spiral,
          gammafunk_ghost_smash, serial_shops, nicolae_shop_advertising_works
          [nicolae_subvault_shop_adworks], serial_glass, glass_columns_b,
          glass_columns_c, uniq_crazy_yiuf_cottage, uniq_blork_the_orc

Skill      XL: |  1  2  3  4  5  6  7 |
---------------+----------------------+-----
Fighting       | 4 5 |  5.2
Armour         | 4 5 |  5.1
Shields        | 4 5 |  5.2
Maces & Flails | 3 4 |  4.1

Action                     |  1- 3 |  4- 6 |  7- 9 || total
---------------------------+-------+-------+-------++-------
  Melee: Flail             |   125 |   163 |    18 ||   306
    Use: Scroll            |       |     7 |       ||     7
 Armour: Scale mail        |   108 |    24 |       ||   132
         Chain mail        |       |    72 |     7 ||    79
  Dodge: Dodged            |    79 |    68 |     5 ||   152
  Block: Buckler           |    34 |    58 |     4 ||    96

Table legend: (Time is in decaauts)
 A = Elapsed time spent in this place.
 B = Non-inter-level travel time spent in this place.
 C = Inter-level travel time spent in this place.
 D = Time resting spent in this place.
 E = Time spent auto-exploring this place.
 F = Levels seen in this place.
 G = Mean time per level.
                   A        B        C        D        E       F      G
               +--------+--------+--------+--------+--------+-----+--------+
         Total |   3761 |   3526 |    235 |     47 |   2710 |   5 |  752.2 |
       Dungeon |   3761 |   3526 |    235 |     47 |   2710 |   5 |  752.2 |
               +--------+--------+--------+--------+--------+-----+--------+

Top non-repeatable levels by time:
     D:3: 1092 daAuts
     D:1: 878 daAuts
     D:2: 871 daAuts
     D:4: 719 daAuts
     D:5: 199 daAuts
